Map: Odyssey LE

Players

HeroMarine - Winner!

  • Race: Terran Terran
  • Spawn Location: 5:00

DnS

  • Race: Protoss Protoss
  • Spawn Location: 11:00

Event: HomeStory Cup XV

VOD

Have the link to the VOD?

Description

Time

  • Played on: July 22, 2017, 2:45 p.m.
  • Length: 6:00

All games in this series

Show
View Real Time Build Order
Export as new Build Order

HeroMarine Terran - Winner!

Build Orders: Cyclone Opening 

Get SALT Encoding   

  12  0:00  SCV  
  13  0:12  SCV  
  14  0:21  Supply Depot  
  14  0:25  SCV  
  16  0:42  SCV  
  16  0:43  Barracks  
  16  0:46  Refinery  
  16  0:55  SCV  
  17  1:07  SCV  
  18  1:12  Refinery  
  18  1:19  SCV  
  19  1:30  Reaper  
  19  1:31  Orbital Command  
  20  1:40  Supply Depot  
  20  1:51  Factory  
  20  1:56  SCV  
  21  2:03  Reaper  
  22  2:08  SCV  
  23  2:47  SCV, Cyclone, Reaper  
  23  2:50  Supply Depot  
  28  2:57  Starport  
  28  2:59  SCV  
  29  3:06  Command Center  
  29  3:11  SCV  
  30  3:19  Cyclone  
  33  3:23  SCV  
  34  3:35  SCV  
  35  3:45  Starport Tech Lab  
  35  3:48  SCV  
  36  3:52  Supply Depot  
  36  3:53  Barracks  
  36  3:54  Cyclone  
  39  4:06  Cloaking Field  
  39  4:13  Banshee  
  39  4:14  SCV  
  43  4:21  Orbital Command  
  43  4:26  SCV  
  44  4:38  SCV  
  45  4:43  Barracks Reactor  
  45  4:51  SCV  
  43  5:03  SCV  
  44  5:08  Widow Mine  
  44  5:10  Banshee  
  49  5:15  SCV  
  50  5:25  Orbital Command  
  50  5:27  SCV  
  51  5:30  Barracks Tech Lab  
  51  5:32  Command Center  
  51  5:34  Barracks  
  48  5:41  SCV  
  50  5:44  Bunker  
Show
View Real Time Build Order
Export as new Build Order

DnS Protoss 

Build Orders: 1 Gate Expand, Oracle Opening 

Get SALT Encoding   

  12  0:00  Probe (Chrono Boost)  
  13  0:11  Probe (Chrono Boost)  
  14  0:16  Pylon  
  14  0:22  Probe (Chrono Boost)  
  15  0:35  Probe (Chrono Boost)  
  16  0:36  Gateway  
  16  0:41  Assimilator  
  16  0:45  Probe (Chrono Boost)  
  17  0:56  Probe (Chrono Boost)  
  18  1:06  Probe (Chrono Boost)  
  19  1:19  Nexus  
  19  1:21  Probe (Chrono Boost)  
  20  1:32  Cybernetics Core  
  20  1:38  Zealot (Chrono Boost)  
  22  1:45  Pylon  
  22  1:50  Probe  
  23  1:55  Assimilator  
  23  2:14  Mothership Core  
  23  2:31  Gateway x2  
  23  2:35  Probe  
  22  2:40  Stalker (Chrono Boost)  
  24  2:47  Probe  
  24  2:49  Pylon  
  25  2:55  Warp Gate (Chrono Boost)  
  25  3:00  Probe  
  26  3:12  Probe (Chrono Boost), Stargate  
  27  3:23  Probe (Chrono Boost)  
  28  3:29  Pylon  
  29  3:34  Probe (Chrono Boost)  
  29  3:44  Probe (Chrono Boost)  
  30  3:55  Probe (Chrono Boost)  
  31  3:58  Oracle (Chrono Boost)  
  31  3:59  Nexus  
  34  4:05  Probe  
  35  4:18  Probe  
  35  4:22  Pylon  
  35  4:30  Probe  
  39  4:40  Phoenix (Chrono Boost)  
  39  4:42  Probe  
  39  4:59  Stalker  
  39  5:02  Pylon  
  39  5:06  Stalker  
  39  5:13  Pylon, Probe  
  36  5:23  Stalker x2  
  38  5:30  Stalker  
  40  5:38  Probe  
  37  5:49  Stalker  
  36  5:50  Stalker  
Tags
 
Add a new tag
Caveats
  • Supply blocks, unpowered buildings, or Contaminate may cause inaccurate times.
  • Supply counts are checked every 10 seconds.